 Dungeon Crawl Stone Soup version 0.18-a0-1683-gf9322e6 (webtiles) character file.

243733 Kidiri the Eclecticist (level 18, -8/105 HPs)
             Began as a Deep Elf Fire Elementalist on Apr 3, 2016.
             Was a High Priest of Vehumet.
             Mangled by a vampiric halberd (19 damage)
             ... on level 2 of the Elven Halls.
             The game lasted 04:11:56 (57854 turns).

Kidiri the Eclecticist (DEFE)                      Turns: 57854, Time: 04:11:57

Health: -8/105     AC: 19    Str:  1    XL:     18   Next: 71%
Magic:  3/42       EV: 23    Int: 41    God:    Vehumet [*****.]
Gold:   2088       SH: 14    Dex: 17    Spells: 14 memorised, 0 levels left

rFire  + . .     SeeInvis .     l - +8 flail "Impslayer" {crush, Int+4}
rCold  . . .     Gourm    .     I - +2 robe "Plog" {rElec rF+ rN+}
rNeg   + . .     Faith    .     E - +3 shield
rPois  +         Spirit   .     f - +0 helmet {Int+3}
rElec  +         Dismiss  .     o - +2 cloak
rCorr  .         Reflect  +     P - +0 pair of gloves {Dex+3}
SustAt .         Harm     .     q - +2 pair of boots
MR     +....     Clarity  +     i - +2 amulet of reflection
Stlth  ++........               h - +5 ring of intelligence
                                F - ring of poison resistance

@: studying Hexes, somewhat resistant to hostile enchantments, unstealthy
A: rough black scales 1, yellow scales 1, clarity, deformed body, sense
surroundings 1, weak 2, wild magic 1, evolution 1, MP-powered wands
a: Renounce Religion
}: 2/15 runes: serpentine, barnacled


You were on level 2 of the Elven Halls.
You worshipped Vehumet.
Vehumet was extremely pleased with you.
You were not hungry.

You visited 8 branches of the dungeon, and saw 36 of its levels.
You also visited: Labyrinth.

You collected 3816 gold pieces.
You spent 1728 gold pieces at shops.

Inventory:

Hand Weapons
 l - the +8 flail "Impslayer" (weapon) {crush, Int+4}
   (You found it on level 12 of the Dungeon)

   It inflicts extra damage upon your enemies.
   It affects your intelligence (+4).
Armour
 f - a +0 helmet of intelligence (worn)
 o - a +2 cloak (worn)
 q - a +2 pair of boots (worn)
 E - a +3 shield (worn)
 I - the +2 robe "Plog" (worn) {rElec rF+ rN+}
   (You found it on level 8 of the Lair of Beasts)

   It protects you from fire.
   It insulates you from electricity.
   It protects you from negative energy.
 P - a +0 pair of gloves of dexterity (worn)
Jewellery
 g - an uncursed amulet of regeneration
 h - a +5 ring of intelligence (right hand)
 i - a +2 amulet of reflection (around neck)
 F - a ring of poison resistance (left hand)
Wands
 e - a wand of random effects (39/48)
 v - a wand of heal wounds (7/9)
 z - a wand of teleportation (8/9)
 O - a wand of hasting (3/9)
Scrolls
 b - 2 scrolls of amnesia
 m - 8 scrolls of remove curse
 r - 2 scrolls of silence
 w - 7 scrolls of fog
 A - 11 scrolls of teleportation
 D - 7 scrolls of identify
 Q - 7 scrolls of fear
Potions
 a - 3 potions of curing
 d - 3 potions of brilliance
 n - 4 potions of haste
 B - a potion of might
 L - 3 potions of agility
 N - a potion of resistance
 W - 7 potions of flight
 X - 2 potions of invisibility
Books
 t - a manual of Hexes
 U - a book of Fire

   Spells                             Type                      Level
   a - Ignite Poison                  Fire/Transmutation/Poison    3
   b - Fireball                       Conjuration/Fire             5
   c - Bolt of Fire                   Conjuration/Fire             6
   d - Delayed Fireball               Conjuration/Fire             7
   e - Ring of Flames                 Charms/Fire                  7
Miscellaneous
 p - an ornate deck of defence {the Tomb}
 u - a plain deck of summoning {drawn: 2}
 G - a plain deck of summoning {the Elements}
 M - an ornate deck of wonders {drawn: 1}
 R - a plain deck of wonders {the Alchemist}
 T - a plain deck of war {Fortitude}
 V - an ornate deck of destruction {the Storm}
Comestibles
 c - 15 bread rations
 j - 2 chunks of flesh
 k - 17 meat rations
 s - 2 fruits


   Skills:
 + Level 9.0 Fighting
 + Level 8.0 Armour
 * Level 16.4 Dodging
 - Level 2.4 Stealth
 + Level 7.7 Shields
 * Level 18.6 Spellcasting
 + Level 11.5 Conjurations
 + Level 14.1 Hexes
 * Level 2.2 Charms
 + Level 12.6 Fire Magic
 + Level 9.8 Air Magic
 + Level 10.7 Poison Magic


You couldn't memorise any spells.
You knew the following spells:

 Your Spells              Type           Power        Failure   Level  Hunger
a - Bolt of Fire          Conj/Fire      ########..   1%          6    None
b - Repel Missiles        Chrm/Air       ######       1%          2    None
c - Conjure Flame         Conj/Fire      ########     1%          3    None
d - Inner Flame           Hex/Fire       ########     1%          3    None
e - Sticky Flame          Conj/Fire      ########     1%          4    None
f - Fireball              Conj/Fire      ########..   1%          5    None
g - Cure Poison           Pois           ########..   1%          2    None
h - Mephitic Cloud        Conj/Pois/Air  ########     1%          3    None
i - Olgreb's Toxic Radia  Pois           ########     1%          4    None
j - Venom Bolt            Conj/Pois      ########..   1%          5    None
k - Lightning Bolt        Conj/Air       ########..   1%          5    None
l - Ignite Poison         Fire/Trmt/Pois ########     1%          3    None
m - Delayed Fireball      Conj/Fire      N/A          6%          7    None
n - Ring of Flames        Chrm/Fire      #######...   85%         7    None


Dungeon Overview and Level Annotations

Branches:
Dungeon (14/15)            Temple (1/1) D:6            Lair (8/8) D:10
 Shoals (4/4) Lair:4        Snake (4/4) Lair:5        Slime (0/6) Lair:8
    Orc (2/2) D:11            Elf (2/3) Orc:2        Vaults (1/5) D:14

Altars:
Ashenzari
Cheibriados
Dithmenos
Elyvilon
Fedhas
Gozag
Kikubaaqudgha
Makhleb
Nemelex Xobeh
Okawaru
Pakellas
Qazlal
Ru
Sif Muna
Trog
Vehumet
Xom
Yredelemnul
Zin
The Shining One
Beogh

Shops:
D:6 ?   D:9 [   D:10 *   D:11 }   D:13 *(   Orc:2 [}:?   Shoals:4 !   Snake:2 =

Portals:
Trove: D:14 (give +2 gold dragon armour)


Innate Abilities, Weirdness & Mutations

You are partially covered in rough black scales (AC +4, Dex -1).
You are partially covered in yellow scales (AC +2).
You possess an exceptional clarity of mind.
Armour fits poorly on your strangely shaped body.
You passively map a small area around you.
You are very weak. (Str -4)
Your spells are a little harder to cast, but a little more powerful.
You evolve.
You expend magic power (3 MP) to strengthen your wands.


Message History

Drink which item? (? for menu, Esc to quit)
Okay, then.
Unknown command.
Evoke which item? (* to show all) (? for menu, Esc to quit)
Okay, then.
Unknown command.
Drink which item? (? for menu, Esc to quit)
You feel better.
You block the vampiric halberd's attack.
Unknown command.
The vampiric halberd hits you.
You barely miss the vampiric halberd.
The vampiric halberd is severely damaged.
The vampiric halberd hits you!!
* * * LOW HITPOINT WARNING * * *
You block the vampiric halberd's attack.
The earth elemental hits you but does no damage.
Unknown command.
The vampiric halberd hits you!!
You die...

##### * *
#...# * *
#...#
#,####...####
*
#.#....@(E..#
,,
#...........#
*.#..........#
, ,,
...###...####
* .#
*##...#### , *
#....)..# ,
#.####.#.###.#
...........#<#
,,
..###..###..#


You could see an earth elemental and a vampiric halberd.

Vanquished Creatures
  Mara (Snake:3)
  Norris (Snake:3)
  Vashnia (Snake:2)
  Ilsuiw (Shoals:4)
  7 greater nagas
  Kirke (Lair:6)
  Donald (Orc:2)
  A frost giant (Shoals:3)
  A vault warden (Vaults:1)
  An ironheart preserver (Vaults:1)
  A deep elf demonologist (Elf:1)
  2 deep elf annihilators (Elf:1)
  A dire elephant (Lair:7)
  Snorg (Lair:6)
  6 merfolk javelineers (Shoals:4)
  A minotaur (Lab)
  3 vault guards
  4 merfolk impalers (Shoals:4)
  16 naga warriors
  6 merfolk avatars
  An alligator snapping turtle (Shoals:4)
  3 centaur warriors
  9 hydras
  5 ogre magi
  A catoblepas (Lair:7)
  8 anacondas
  7 merfolk aquamancers
  5 death yaks (Lair:5)
  A satyr (Shoals:3)
  2 deep troll shamans (Vaults:1)
  A tengu warrior (D:13)
  5 dancing weapons (Elf:1)
  12 naga sharpshooters
  6 shock serpents
  4 deep elf knights (Elf:1)
  A fire crab (Lair:8)
  A salamander mystic (Snake:2)
  2 unseen horrors (D:12)
  5 sea snakes
  A sea snake (shapeshifter) (D:14)
  3 deep trolls (Vaults:1)
  9 naga ritualists
  An ironbrand convoker (Vaults:1)
  3 orc knights
  2 lindwurms
  A hill giant (D:12)
  3 deep elf archers (Elf:1)
  9 ugly things
  21 deep elf magi
  6 harpies
  11 mana vipers
  7 orc sorcerers (Orc:2)
  An oklob plant (Lair:8)
  13 griffons
  2 salamanders (Snake:3)
  13 cyclopes
  5 fauns
  6 sirens
  3 guardian serpents (Snake:3)
  8 manticores
  12 elephants
  26 black mambas
  26 naga magi
  19 spiny frogs
  5 water nymphs
  A torpor snail (Lair:8)
  The ghost of Protee the Changer, a novice DsTm of Makhleb (D:5)
  3 rime drakes
  A kobold demonologist (Vaults:1)
  An efreet (D:13)
  A yaktaur (Shoals:1)
  3 komodo dragons
  A tengu conjurer (D:13)
  5 trolls
  A polar bear (Lair:8)
  19 merfolk
  A wind drake (Shoals:4)
  A boulder beetle (Lair:5)
  2 giant leeches (Lair:8)
  23 blink frogs
  9 snapping turtles
  2 two-headed ogres (D:14)
  2 wraiths
  A vampire (D:14)
  2 air elementals (Elf:1)
  18 water elementals
  61 yaks
  The ghost of Uhlv the Shield-Bearer, an amateur MiFi (D:4)
  5 wyverns
  2 basilisks
  10 hippogriffs
  A steam dragon (Lair:4)
  4 humans
  2 hogs
  3 hungry ghosts
  2 soldier ants
  12 vampire mosquitoes
  35 nagas
  3 wargs (Orc:1)
  19 water moccasins
  13 porcupines
  4 sky beasts
  19 orc warriors
  2 black bears
  6 ice beasts
  15 ogres
  3 necrophages
  4 phantoms
  7 centaurs
  13 wolves
  17 crocodiles
  2 big kobolds (Vaults:1)
  41 giant frogs
  A gnoll sergeant (D:6)
  A water moccasin zombie (D:7)
  2 wyvern skeletons (D:10)
  2 scorpions
  10 killer bees
  18 wights
  8 electric eels
  5 howler monkeys
  5 crimson imps
  4 centaur zombies
  2 wasp zombies
  4 giant frog zombies
  3 giant frog skeletons
  3 jellies
  A quasit (D:12)
  Crazy Yiuf (D:3)
  12 orc priests
  3 hounds
  3 iron imps (D:7)
  3 centaur skeletons
  A human zombie (D:9)
  11 iguanas
  2 human skeletons (D:9)
  37 orc wizards
  11 worker ants
  5 hell rats (Lair:8)
  33 sheep
  A hound skeleton (D:8)
  A hound zombie (D:7)
  A mummy (D:9)
  A worker ant zombie (D:5)
  4 gnolls (D:6)
  A howler monkey skeleton (D:11)
  68 river rats
  10 adders
  4 shadow imps
  2 adder zombies
  An adder skeleton (D:4)
  5 worms
  2 dart slugs
  2 giant geckos
  61 orcs
  9 bats
  8 giant cockroaches
  5 goblins
  6 hobgoblins
  19 jackals
  4 quokkas
  6 giant newts
  A jackal skeleton (D:4)
  5 kobolds
  An orc zombie (D:9)
  2 quokka skeletons
  9 rats
  4 bushes
  A fungus (Lair:8)
  9 plants
1200 creatures vanquished.

Vanquished Creatures (collateral kills)
  A sea snake (Shoals:4)
  A vault sentinel (Vaults:1)
  A water moccasin (shapeshifter) (Vaults:1)
  3 kobolds (Vaults:1)
6 creatures vanquished.

Vanquished Creatures (others)
  A merfolk javelineer (Shoals:4)
  A naga sharpshooter (Snake:2)
  Sonja (D:13)
  A cyclops (Shoals:3)
  A river rat (Lair:4)
  38 fungi
  51 plants
94 creatures vanquished.

Grand Total: 1300 creatures vanquished

Notes
Turn   | Place    | Note
--------------------------------------------------------------
     0 | D:1      | Kidiri the Deep Elf Fire Elementalist began the quest for the Orb.
     0 | D:1      | Reached XP level 1. HP: 10/10 MP: 6/6
   325 | D:1      | Reached XP level 2. HP: 15/15 MP: 5/8
   332 | D:1      | Learned a level 2 spell: Throw Flame
  1418 | D:2      | Reached XP level 3. HP: 20/20 MP: 7/10
  1423 | D:2      | Learned a level 3 spell: Conjure Flame
  1427 | D:2      | Learned a level 3 spell: Inner Flame
  1485 | D:2      | Found a shimmering altar of Xom.
  1850 | D:2      | Found an iron altar of Okawaru.
  1862 | D:2      | Reached skill level 4 in Spellcasting
  1926 | D:2      | Reached skill level 1 in Fighting
  2526 | D:3      | Reached XP level 4. HP: 25/25 MP: 9/12
  3028 | D:3      | Noticed Crazy Yiuf
  3037 | D:3      | Killed Crazy Yiuf
  3037 | D:3      | Reached skill level 1 in Hexes
  3328 | D:4      | Noticed Uhlv's ghost (amateur MiFi)
  3730 | D:4      | Noticed an ogre
  3744 | D:4      | Killed an ogre
  3744 | D:4      | Reached skill level 5 in Spellcasting
  3744 | D:4      | Reached XP level 5. HP: 29/29 MP: 3/14
  3750 | D:4      | Learned a level 4 spell: Sticky Flame
  4209 | D:4      | Reached XP level 6. HP: 34/34 MP: 10/15
  4560 | D:4      | Found an oddly glowing altar of Pakellas.
  4560 | D:4      | Noticed a rakshasa
  5026 | D:4      | Found a radiant altar of Vehumet.
  5027 | D:4      | Found a sacrificial altar of Ru.
  5032 | D:4      | Became a worshipper of Vehumet
  5546 | D:5      | Entered Level 5 of the Dungeon
  5549 | D:5      | Found a blossoming altar of Fedhas.
  5667 | D:5      | Reached XP level 7. HP: 39/39 MP: 14/17
  5686 | D:5      | Found an ancient bone altar of Kikubaaqudgha.
  5819 | D:5      | Noticed Protee's ghost (novice DsTm)
  5837 | D:5      | Killed Protee's ghost
  5837 | D:5      | Reached skill level 6 in Spellcasting
  6001 | D:5      | Found a stormy altar of Qazlal.
  6006 | D:5      | Got a polished mace
  6007 | D:5      | Identified the +4 mace of Muthued {flame, Dex+3} (You found it on level 5 of the Dungeon)
  6093 | D:5      | Reached skill level 5 in Dodging
  6093 | D:5      | Reached skill level 5 in Fire Magic
  6101 | D:5      | Learned a level 5 spell: Fireball
  6184 | D:5      | Reached skill level 7 in Spellcasting
  6184 | D:5      | Reached XP level 8. HP: 45/45 MP: 18/20
  6612 | D:5      | Found a glowing silver altar of Zin.
  6728 | D:4      | Killed Uhlv's ghost
  6854 | D:6      | Got a twisted leather armour
  6865 | D:6      | Identified the cursed +0 leather armour of Siucoaf {rN+++ Slay+2} (You found it on level 6 of the Dungeon)
  6881 | D:6      | Reached * piety under Vehumet
  6881 | D:6      | Offered knowledge of Magic Dart by Vehumet.
  6881 | D:6      | Reached skill level 8 in Spellcasting
  6953 | D:6      | Reached skill level 5 in Hexes
  7028 | D:6      | Found Nurergh's Magic Scroll Shop.
  7037 | D:6      | Bought 3 scrolls of identify for 72 gold pieces
  7037 | D:6      | Bought a scroll of identify for 24 gold pieces
  7037 | D:6      | Bought a scroll of holy word for 90 gold pieces
  7037 | D:6      | Bought a scroll of identify for 24 gold pieces
  7037 | D:6      | Bought a scroll of magic mapping for 42 gold pieces
  7037 | D:6      | Bought a scroll of teleportation for 36 gold pieces
  7267 | D:6      | Reached XP level 9. HP: 51/51 MP: 8/23
  7523 | D:6      | Found a staircase to the Ecumenical Temple.
  7529 | Temple   | Entered the Ecumenical Temple
  7890 | D:6      | Reached skill level 9 in Spellcasting
  8137 | D:7      | Reached skill level 5 in Conjurations
  8274 | D:7      | Found an oddly glowing altar of Pakellas.
  8339 | D:7      | Gained mutation: Scrolls take you a little longer to read. [mutagenic meat]
  8340 | D:7      | Gained mutation: You tend to lose your temper in combat. [mutagenic meat]
  8341 | D:7      | Gained mutation: You are resistant to hostile enchantments. [mutagenic meat]
  8342 | D:7      | Gained mutation: You regenerate slowly when monsters are visible. [mutagenic meat]
  8343 | D:7      | Gained mutation: You are covered in fur (AC +1). [mutagenic meat]
  8598 | D:7      | Learned a level 2 spell: Cure Poison
  8602 | D:7      | Learned a level 3 spell: Mephitic Cloud
  9008 | D:7      | Found a burning altar of Makhleb.
  9055 | D:7      | Offered knowledge of Searing Ray by Vehumet.
  9158 | D:7      | Learned a level 4 spell: Olgreb's Toxic Radiance
  9247 | D:7      | Reached ** piety under Vehumet
  9514 | D:8      | Reached skill level 1 in Air Magic
  9521 | D:8      | Reached skill level 1 in Poison Magic
  9523 | D:8      | Reached skill level 10 in Spellcasting
 10086 | D:8      | Reached XP level 10. HP: 42/56 MP: 17/26
 10418 | D:8      | Offered knowledge of Throw Frost by Vehumet.
 10609 | D:8      | Noticed a moth of wrath
 10612 | D:8      | Found a bloodstained altar of Trog.
 11188 | D:9      | Reached *** piety under Vehumet
 11290 | D:9      | Reached skill level 1 in Shields
 11500 | D:9      | Reached skill level 1 in Armour
 11521 | D:9      | Found Wampeoxzi's Armour Emporium.
 11568 | D:9      | Reached skill level 11 in Spellcasting
 11771 | D:9      | Found an ancient bone altar of Kikubaaqudgha.
 12246 | D:9      | Offered knowledge of Force Lance by Vehumet.
 12503 | D:10     | Entered Level 10 of the Dungeon
 12550 | D:10     | Found a staircase to the Lair.
 12578 | D:10     | Lost mutation: You are covered in fur (AC +1). [potion of mutation]
 12578 | D:10     | Gained mutation: You occasionally shout uncontrollably at your foes. [potion of mutation]
 12716 | D:10     | Found Tuanobur's General Store.
 13854 | D:9      | Reached XP level 11. HP: 50/62 MP: 21/28
 13989 | D:10     | Learned a level 5 spell: Venom Bolt
 14117 | Lair:1   | Entered Level 1 of the Lair of Beasts
 14484 | Lair:1   | Got a faintly humming leather armour
 14495 | Lair:1   | Identified the +3 leather armour of Tirghac {MR++} (You found it on level 1 of the Lair of Beasts)
 15031 | Lair:2   | Reached **** piety under Vehumet
 15037 | Lair:2   | Offered knowledge of Bolt of Magma by Vehumet.
 16227 | Lair:2   | Reached skill level 12 in Spellcasting
 16246 | Lair:2   | Reached ***** piety under Vehumet
 16511 | Lair:2   | Offered knowledge of Lightning Bolt by Vehumet.
 17100 | Lair:3   | Reached skill level 5 in Fighting
 18341 | Lair:4   | Noticed a four-headed hydra
 18350 | Lair:4   | Killed a four-headed hydra
 18350 | Lair:4   | Reached XP level 12. HP: 63/68 MP: 13/30
 18689 | Lair:4   | Reached skill level 5 in Air Magic
 18696 | Lair:4   | Reached skill level 5 in Poison Magic
 18810 | Lair:4   | Identified a scroll of acquirement
 18810 | Lair:4   | Got a fine iron ring
 18812 | Lair:4   | Identified the ring "Exiavoc" {Ice SInv} (You acquired it on level 4 of the Lair of Beasts)
 18958 | Lair:4   | Found a staircase to the Shoals.
 18967 | Lair:4   | Noticed a six-headed hydra
 18974 | Lair:4   | Killed a six-headed hydra
 19311 | Lair:4   | Reached skill level 10 in Dodging
 19370 | Lair:4   | Noticed a seven-headed hydra
 19930 | Lair:5   | Found a staircase to the Snake Pit.
 20250 | Lair:5   | Noticed a death yak
 20257 | Lair:5   | Noticed a death yak
 20259 | Lair:5   | Noticed a death yak
 20260 | Lair:5   | Noticed a death yak
 20262 | Lair:5   | Noticed a death yak
 20262 | Lair:5   | Killed a death yak
 20271 | Lair:5   | Killed a death yak
 20281 | Lair:5   | Killed a death yak
 20290 | Lair:5   | Killed a death yak
 20290 | Lair:5   | Reached skill level 13 in Spellcasting
 20294 | Lair:5   | Killed a death yak
 20965 | Lair:4   | Killed a seven-headed hydra
 20975 | Lair:4   | Learned a level 5 spell: Lightning Bolt
 21336 | Lair:6   | Noticed Snorg
 21368 | Lair:6   | Found a labyrinth entrance.
 21393 | Lab      | Entered a labyrinth
 22434 | Lab      | Noticed a minotaur
 22445 | Lab      | Killed a minotaur
 22445 | Lab      | Reached XP level 13. HP: 44/73 MP: 23/32
 22593 | Lair:6   | Killed Snorg
 22709 | Lair:6   | Offered knowledge of Iron Shot by Vehumet.
 23465 | Lair:6   | Noticed Kirke
 23476 | Lair:6   | Killed Kirke
 26774 | Lair:7   | Noticed a dire elephant
 26780 | Lair:7   | Killed a dire elephant
 26782 | Lair:7   | Reached skill level 14 in Spellcasting
 27053 | Lair:8   | Entered Level 8 of the Lair of Beasts
 27364 | Lair:8   | Reached XP level 14. HP: 27/80 MP: 9/34
 28272 | Lair:8   | Reached skill level 5 in Armour
 28381 | Lair:8   | Reached skill level 10 in Fire Magic
 28806 | Lair:8   | Offered knowledge of Iskenderun's Battlesphere by Vehumet.
 29067 | Lair:8   | Reached skill level 10 in Hexes
 29502 | Lair:8   | Reached skill level 5 in Shields
 29613 | Lair:8   | Found a staircase to the Slime Pits.
 30235 | Lair:8   | Got a spiked leather armour
 30246 | Lair:8   | Identified the cursed +0 leather armour of Hedging {-Tele +Inv MR+++} (You found it on level 8 of the Lair of Beasts)
 30600 | Lair:8   | Got a heavily jewelled robe
 30670 | Lair:8   | Identified the +2 robe "Plog" {rElec rF+ rN+} (You found it on level 8 of the Lair of Beasts)
 30834 | Lair:1   | Lost mutation: You tend to lose your temper in combat. [potion of cure mutation]
 30834 | Lair:1   | Lost mutation: You are resistant to hostile enchantments. [potion of cure mutation]
 30834 | Lair:1   | Lost mutation: You occasionally shout uncontrollably at your foes. [potion of cure mutation]
 30834 | Lair:1   | Lost mutation: Scrolls take you a little longer to read. [potion of cure mutation]
 31279 | D:11     | Found a staircase to the Orcish Mines.
 31555 | D:11     | Found Dayhiph's Gadget Emporium.
 31562 | D:11     | Bought a wand of heal wounds (5/9) for 918 gold pieces
 31655 | D:11     | Learned a level 2 spell: Repel Missiles
 32696 | D:12     | Got a faintly glowing flail
 32697 | D:12     | Identified the +8 flail "Impslayer" {crush, Int+4} (You found it on level 12 of the Dungeon)
 32960 | D:12     | Gained mutation: Armour fits poorly on your strangely shaped body. [mutagenic meat]
 33065 | D:12     | Reached skill level 15 in Spellcasting
 33944 | D:13     | Found Dacveg's Antique Weapon Boutique.
 33947 | D:13     | Bought a scorched flail for 238 gold pieces
 33947 | D:13     | Identified the cursed +2 flail of Banotruc {pain, +Blink Int+2} (You bought it in a shop on level 13 of the Dungeon)
 33979 | D:13     | Found Tuafyigg's General Store.
 33996 | D:13     | Bought a scroll of identify for 32 gold pieces
 34079 | D:13     | Offered knowledge of Orb of Destruction by Vehumet.
 34399 | D:13     | Noticed Sonja
 34416 | D:13     | Killed Sonja
 35395 | D:14     | Reached XP level 15. HP: 85/85 MP: 30/36
 35464 | D:14     | Gained mutation: You are partially covered in yellow scales (AC +2). [mutagenic meat]
 35465 | D:14     | Gained mutation: You expend magic power (3 MP) to strengthen your wands. [mutagenic meat]
 35466 | D:14     | Gained mutation: Your mind is acute. (Int +2) [mutagenic meat]
 35467 | D:14     | Gained mutation: Your body sometimes deteriorates upon taking damage. [mutagenic meat]
 35530 | D:14     | Gained mutation: You are weak. (Str -2) [mutagenic meat]
 35531 | D:14     | Gained mutation: You passively map a small area around you. [mutagenic meat]
 35532 | D:14     | Gained mutation: Your spells are a little harder to cast, but a little more powerful. [mutagenic meat]
 36089 | D:14     | Found a portal to a secret trove of treasure.
 36327 | D:14     | Found a gate to the Vaults.
 36409 | D:14     | Lost mutation: Your body sometimes deteriorates upon taking damage. [mutagenic meat]
 36410 | D:14     | Gained mutation: Scrolls take you a little longer to read. [mutagenic meat]
 36411 | D:14     | Gained mutation: You evolve. [mutagenic meat]
 36412 | D:14     | Lost mutation: Scrolls take you a little longer to read. [mutagenic meat]
 36640 | Orc:1    | Entered Level 1 of the Orcish Mines
 36734 | Orc:2    | Entered Level 2 of the Orcish Mines
 36868 | Orc:2    | Noticed Donald
 36875 | Orc:2    | Offered knowledge of Bolt of Fire by Vehumet.
 36990 | Orc:2    | Found a staircase to the Elven Halls.
 37143 | Orc:2    | Killed Donald
 37886 | Orc:2    | Found a radiant altar of Vehumet.
 37899 | Orc:2    | Found Loenu's Book Shop.
 38000 | Orc:2    | Found an ancient bone altar of Kikubaaqudgha.
 38075 | Orc:2    | Found a roughly hewn altar of Beogh.
 38075 | Orc:2    | Found Qefaum's Magic Scroll Shop.
 38086 | Orc:2    | Found Yna Saur's Antique Armour Boutique.
 38134 | Orc:2    | Bought a scroll of identify for 24 gold pieces
 38134 | Orc:2    | Bought a scroll of identify for 24 gold pieces
 38134 | Orc:2    | Bought a scroll of identify for 24 gold pieces
 38162 | Orc:2    | Found Daub's Gadget Shop.
 39104 | Orc:1    | Found a deep blue altar of Sif Muna.
 39339 | Snake:1  | Entered Level 1 of the Snake Pit
 39649 | Snake:1  | Learned a level 6 spell: Bolt of Fire
 39739 | Lair:1   | Offered knowledge of Poison Arrow by Vehumet.
 40838 | Snake:1  | Reached skill level 16 in Spellcasting
 41512 | Snake:2  | Noticed a greater naga
 41515 | Snake:2  | Killed a greater naga
 41902 | Snake:2  | Found Vueronk's Jewellery Boutique.
 41982 | Snake:2  | Reached XP level 16. HP: 68/92 MP: 0/38
 42298 | Snake:2  | Noticed Vashnia
 42305 | Snake:2  | Killed Vashnia
 43598 | Snake:3  | Reached skill level 10 in Conjurations
 43603 | Snake:3  | Learned a level 3 spell: Ignite Poison
 43615 | Snake:3  | Noticed Norris
 44016 | Snake:3  | Offered knowledge of Freezing Cloud by Vehumet.
 44202 | Snake:3  | Killed Norris
 44648 | Snake:3  | Lost mutation: You regenerate slowly when monsters are visible. [mutagenic meat]
 44650 | Snake:3  | Gained mutation: Scrolls take you a little longer to read. [mutagenic meat]
 44651 | Snake:3  | Lost mutation: Your mind is acute. (Int +2) [mutagenic meat]
 44664 | Snake:3  | Noticed Mara
 45047 | Snake:3  | Noticed Kidiri's illusion
 45051 | Snake:3  | Killed Mara
 45592 | Snake:4  | Entered Level 4 of the Snake Pit
 45931 | Snake:4  | Reached skill level 17 in Spellcasting
 46796 | Snake:4  | Reached XP level 17. HP: 97/97 MP: 16/40
 47054 | Snake:4  | Reached skill level 15 in Dodging
 47685 | Lair:1   | Learned a level 7 spell: Delayed Fireball
 47823 | Shoals:1 | Entered Level 1 of the Shoals
 49029 | Shoals:2 | You fall through a shaft!
 49683 | Shoals:3 | Got a scorched leather armour
 49694 | Shoals:3 | Identified the +0 leather armour of Etoso {+Fly rPois Stlth-} (You found it on level 3 of the Shoals)
 50326 | Shoals:4 | Entered Level 4 of the Shoals
 50643 | Shoals:4 | Found Jiararchuo's Distillery.
 50651 | Shoals:4 | Bought a potion of mutation for 27 gold pieces
 50651 | Shoals:4 | Bought a potion of mutation for 27 gold pieces
 50651 | Shoals:4 | Gained mutation: You are partially covered in rough black scales (AC +4, Dex -1). [potion of mutation]
 50652 | Shoals:4 | Lost mutation: Scrolls take you a little longer to read. [potion of mutation]
 50652 | Shoals:4 | Gained mutation: You are very weak. (Str -4) [potion of mutation]
 50652 | Shoals:4 | Gained mutation: Your magical capacity is low (-10% MP). [potion of mutation]
 50662 | Shoals:4 | Reached skill level 10 in Poison Magic
 50882 | Shoals:4 | Reached ****** piety under Vehumet
 50882 | Shoals:4 | Offered knowledge of Fire Storm by Vehumet.
 50882 | Shoals:4 | Offered knowledge of Chain Lightning by Vehumet.
 50882 | Shoals:4 | Offered knowledge of Tornado by Vehumet.
 51753 | Orc:2    | Bought a scroll of amnesia for 42 gold pieces
 51753 | Orc:2    | Bought a scroll of amnesia for 42 gold pieces
 51753 | Orc:2    | Bought a scroll of amnesia for 42 gold pieces
 52175 | Shoals:4 | Noticed Ilsuiw
 52180 | Shoals:4 | Killed Ilsuiw
 52744 | Shoals:4 | Reached skill level 18 in Spellcasting
 52746 | Shoals:4 | Reached XP level 18. HP: 85/104 MP: 24/38
 52782 | Shoals:4 | Got a barnacled rune of Zot
 54547 | Snake:4  | Got a serpentine rune of Zot
 55096 | Elf:1    | Entered Level 1 of the Elven Halls
 55314 | Vaults:1 | Entered Level 1 of the Vaults
 55627 | Vaults:1 | Gained mutation: You possess an exceptional clarity of mind. [mutagenic meat]
 57356 | Elf:1    | Learned a level 7 spell: Ring of Flames
 57419 | Elf:1    | Reached skill level 1 in Charms
 57700 | Elf:1    | Found a deep blue altar of Sif Muna.
 57726 | Elf:1    | Lost mutation: Your magical capacity is low (-10% MP). [evolution]
 57825 | Elf:1    | You fall through a shaft!
 57854 | Elf:2    | Mangled by a vampiric halberd

Vault maps used:
D:1:      dpeg_arrival_tiny_i, nrook_loot_triangle, minmay_misc_feat_roman,
          roderic_roman_lattice, minmay_cupped
D:2:      nicolae_overflow_crystal_walls, okawaru_ov_weapons_minmay
D:3:      uniq_crazy_yiuf_cottage
D:4:      gammafunk_temple_overflow_statue, first_bread, grunt_decor_resistance,
          gammafunk_pakellas_cloud_experiment
D:5:      lemuel_crystal_altar, lemuel_crystal_altar, lemuel_doored_altar,
          basic_altar, grunt_ministairs_7
D:6:      minmay_temple_entry_fiery, serial_shops, shop
D:7:      demons_altar, basic_altar, item_on_display_a
D:8:      tgw_trog
D:9:      lemuel_mausoleum_altar_kikubaaqudgha, serial_shops, shop_statue
D:10:     lair_0_dummy, serial_shops, shop_fountains, grunt_livestock,
          lemuel_another_geyser
D:11:     erik_orc_2, serial_shops, shop_statue, hangedman_abyss_or_decor_clamps
D:13:     serial_shops, nicolae_shop_trees, shop, glass_columns_a, uniq_sonja
D:14:     david_vaults_5, enter_trove_6, minivault_25_ag
Temple:   roderic_octagonal_lattice_temple
Lair:1:   grunt_megastairs_3, serial_bayou_shore_b
Lair:2:   grunt_megastairs_4
Lair:3:   hangedman_lair_unloving_vines, grunt_megastairs_1
Lair:4:   elwin_shoals_entry_rocks, bobbens_dragon_lair_wall, lemuel_fruit_tree,
          infiniplex_staircase_pool, serial_bayou_shore_a
Lair:5:   guppyfry_snake_entry_garden
Lair:6:   lab_entry_generic, bh_autumn_forest_stairs, grunt_megastairs_2,
          uniq_kirke, uniq_snorg
Lair:7:   beast_lair_carwin_large_1, serial_bayou_shore_b,
          infiniplex_staircase_pool_2, lemuel_fruit_fields
Lair:8:   minmay_lair_end_frog_pond, slime_dummy, minmay_lair_oklob_bushes,
          serial_bayou_shore_b
Shoals:1: yaktaur_hedge
Shoals:3: st_cyclops
Shoals:4: shoals_end_simple, shoal_ilsuiw, serial_shops, shop
Snake:2:  serial_shops, nicolae_shop_waterfront, spider_trap,
          serial_bayou_pond_a, serial_bayou_pond_b, st_stairs_12,
          nicolae_snake_single_loop, uniq_vashnia
Snake:3:  uniq_norris, uniq_mara
Snake:4:  snake_pit, grunt_ministairs_8, st_stairs_10, serial_bayou_crossing
Orc:1:    led_sif_book
Orc:2:    kennysheep_orc_mage_school, uniq_donald
Elf:1:    elf_arrival_001, basic_altar, kennysheep_underground_church
Vaults:1: hangedman_vaults_impose, nicolae_vaults_theta,
          hangedman_vaults_stream, nicolae_vaults_triangles,
          nicolae_vaults_stairing_the_circle, hangedman_vaults_cutoff,
          v_pattern_2, uniq_wiglaf
Lab:      nicolae_lab_quarters

Skill      XL: |  1  2  3  4  5  6  7  8  9 10 11 12 13 14 15 16 17 18 |
---------------+-------------------------------------------------------+-----
Dodging        | 3 4 5 6 8 9 10 11 13 14 15 16 | 16.4
Spellcasting   | 4 5 7 8 10 11 12 13 14 15 16 17 18 | 18.6
Fighting       | 1 2 3 4 5 6 7 8 9 |  9.0
Conjurations   | 2 3 4 5 6 7 8 9 10 11 | 11.5
Hexes          | 1 2 3 5 6 7 8 9 10 11 12 13 14 | 14.1
Fire Magic     | 4 5 6 7 8 9 10 11 12 | 12.6
Air Magic      | 1 3 4 5 6 7 8 9 |  9.8
Poison Magic   | 1 3 4 5 7 8 9 10 | 10.7
Shields        | 1 2 3 4 5 6 7 |  7.7
Armour         | 2 3 4 5 6 7 8 |  8.0
Charms         | 2 |  2.2
Stealth        | |  2.4

Action                   |  1- 3 |  4- 6 |  7- 9 | 10-12 | 13-15 | 16-18 || total
-------------------------+-------+-------+-------+-------+-------+-------++-------
Melee: Dagger            |     6 |    12 |       |       |       |       ||    18
       Mace              |       |       |    81 |   276 |   284 |       ||   641
       Flail             |       |       |       |       |   153 |   137 ||   290
 Cast: Flame Tongue      |    43 |    59 |   142 |   231 |   420 |    38 ||   933
       Throw Flame       |    21 |    31 |    41 |    70 |   103 |     7 ||   273
       Conjure Flame     |       |     1 |     6 |    15 |    25 |    17 ||    64
       Sticky Flame      |       |     1 |    11 |    68 |   161 |    40 ||   281
       Inner Flame       |       |       |     2 |     9 |     8 |     1 ||    20
       Fireball          |       |       |       |    15 |    47 |    46 ||   108
       Venom Bolt        |       |       |       |    22 |   112 |    24 ||   158
       Olgreb's Toxic Ra |       |       |       |     3 |     8 |     3 ||    14
       Mephitic Cloud    |       |       |       |     2 |     8 |     1 ||    11
       Cure Poison       |       |       |       |     2 |    12 |     4 ||    18
       Lightning Bolt    |       |       |       |       |    79 |   103 ||   182
       Repel Missiles    |       |       |       |       |     2 |     3 ||     5
       Ignite Poison     |       |       |       |       |       |     3 ||     3
       Bolt of Fire      |       |       |       |       |       |   245 ||   245
       Delayed Fireball  |       |       |       |       |       |     2 ||     2
 Abil: Release Delayed F |       |       |       |       |       |     1 ||     1
Evoke: Wand              |       |       |       |       |     4 |     7 ||    11
       Deck              |       |       |       |       |       |     3 ||     3
  Use: Scroll            |     8 |     5 |    13 |     9 |    20 |    13 ||    68
       Potion            |       |       |     3 |     5 |     7 |    13 ||    28
 Stab: Sleeping          |       |     2 |     4 |     8 |     5 |     4 ||    23
  Eat: Chunk             |     5 |     8 |     9 |    20 |    75 |    11 ||   128
       Pizza             |       |     1 |     1 |     4 |       |    14 ||    20
       Beef jerky        |       |     1 |     2 |     2 |       |     7 ||    12
       Meat ration       |       |       |     1 |       |       |     2 ||     3
       Bread ration      |       |       |       |     1 |       |       ||     1
       Royal jelly       |       |       |       |     2 |       |     1 ||     3
       Fruit             |       |       |       |     9 |     9 |     1 ||    19
